 Dungeon Crawl Stone Soup version 0.28-a0-1038-g9c4cb8273d (webtiles) character file.

Game seed: 3469260439189376723

101 bande the Skirmisher (level 4, -1/29 HPs)
             Began as a Gargoyle Fighter on Dec 8, 2021.
             Slain by an orc wizard (2 damage)
             ... on level 3 of the Dungeon.
             The game lasted 00:03:56 (3261 turns).

bande the Skirmisher (Gargoyle Fighter)             Turns: 3261, Time: 00:03:57

Health: -1/29      AC: 13    Str: 20    XL:     4   Next: 75%
Magic:  4/4        EV:  9    Int:  8    God:
Gold:   118        SH:  0    Dex: 11    Spells: 3/3 levels left

rFire   . . .      SeeInvis .   a - +0 war axe
rCold   . . .      Faith    .   c - +0 buckler
rNeg    + . .      Spirit   .   b - +0 scale mail
rPois   ∞          Reflect  .   f - +0 helmet
rElec   +          Harm     .   (no cloak)
rCorr   .          Rampage  .   j - +0 pair of gloves
Will    .....                   (no boots)
Stlth   ..........              (no amulet)
HPRegen 0.09/turn               (no ring)
MPRegen 0.09/turn               (no ring)

@: confused
A: sickness immunity, AC +3, negative energy resistance 1, electricity
resistance, torment resistance 1, petrification resistance
a: no special abilities


You were on level 3 of the Dungeon.
You visited 1 branch of the dungeon, and saw 4 of its levels.

You collected 118 gold pieces.

Inventory:

Hand Weapons
 a - a +0 war axe (weapon)
Armour
 b - a +0 scale mail (worn)
 c - a +0 buckler (worn)
 f - a +0 helmet (worn)
 j - a +0 pair of gloves (worn)
Scrolls
 e - 2 scrolls of holy word
 g - 2 scrolls of teleportation {unknown}
 h - a scroll of noise {unknown}
Potions
 d - a potion of might
 i - a potion of curing {unknown}


   Skills:
 + Level 4.0 Fighting
 + Level 3.0 Axes
 + Level 4.0 Armour
 + Level 3.8 Shields


You had 3 spell levels left.
You didn't know any spells.
Your spell library was empty.

Dungeon Overview and Level Annotations

Branches:
Dungeon (4/15)
 Temple: D:4-7

Altars:

Shops:
D:1 =


Innate Abilities, Weirdness & Mutations

You are immune to sickness and miasma.
Your stone body is resilient. (AC +3)
You are immune to poison.
You resist negative energy. (rN+)
You are resistant to electric shocks. (rElec)
You are resistant to unholy torment.
You are immune to petrification.


Message History

You hear the sound of rushing water.
There is an entrance to a sewer on this level.
Hurry and find it before the portal rusts away!
The hound bites you. x2
The orc wizard gestures wildly while chanting.
The orc wizard flickers and vanishes!
Deactivating autopickup; reactivate with Ctrl-A.
The orc hits you with a +0 short sword.
There is a stone staircase leading up here.
Unknown command.
The hound barely misses you. Something hits you but does no damage.
The orc wizard gestures at you while chanting.
The magic dart hits you. The orc barely misses you.
You block the hound's attack.
You climb upwards.
Reactivating autopickup.
There is a stone staircase leading down here.
You closely miss the orc. You miss something. Something hits you.
Deactivating autopickup; reactivate with Ctrl-A.
You block the orc's attack. Something hits you but does no damage.
Unknown command.
You slash the orc!
You kill the orc!
You barely miss something. Something hits you but does no damage.
You closely miss something. Something hits you.
You miss something. Something hits you. Something hits you but does no damage.
You closely miss something.
You hear some strange, mumbled words.
Something tries to affect you, but you resist.
You closely miss something.
You hear some strange, mumbled words.
You are confused.
You're too confused to move!
You hear some strange, mumbled words.
A magic dart appears from out of thin air!
The magic dart hits you!
* * * LOW HITPOINT WARNING * * *
You're too confused to move!
Something hits you but does no damage.
The hound pauses to sniff the ground.
You completely miss something. Something hits you.
You die...

.###...#.#
#.......##
##.....#
.###...#.#
#.......# ##...##
.......#.#
#.......# ##'##
########.#
#######.# #.# #
#.# #.# #.# # #.#
#.# ##.## # #.#
#.# ##...## # #.#
#####.######.....#
########.#
#@).........#...##
.........#
#{###.#.###.##.###
########## #h#
#............. #
#.# #.......##.###
# #.# ###.######.#
# #.#####.# #.#
#.......#### #.###
#####......###....
####
#........>..##.###


You could see a hound.

Vanquished Creatures
  2 adders
  3 worms (D:2)
  3 dart slugs
  An orc (D:3)
  4 endoplasms
  3 giant cockroaches (D:1)
  8 goblins
  7 hobgoblins
  10 jackals
  3 quokkas (D:1)
  2 ball pythons (D:2)
  2 bats
  5 frilled lizards
  5 kobolds
  6 rats
64 creatures vanquished.

Notes
Turn   | Place    | Note
-------+----------+-------------------------------------------
     0 | D:1      | bande the Gargoyle Fighter began the quest for the Orb.
     0 | D:1      | Reached XP level 1. HP: 14/14 MP: 1/1
    44 | D:1      | Found Ythiwen's Jewellery Boutique.
   198 | D:1      | Reached XP level 2. HP: 16/19 MP: 2/2
   880 | D:1      | Reached XP level 3. HP: 18/24 MP: 3/3
  1077 | D:1      | Found a faded altar of an unknown god.
  1113 | D:1      | You fall into a shaft and drop 1 floor!
  1637 | D:2      | Reached XP level 4. HP: 21/29 MP: 4/4
  3246 | D:4      | Noticed a scorpion
  3259 | D:3      | HP: 1/29 [something/magic dart (8)]
  3261 | D:3      | Slain by an orc wizard

Illustrated notes

Levels and vault maps discovered:
D:1:      minmay_arrival_doors, layout_basic, ebering_ecumenical_altar_box,
          serial_shops, shop
D:2:      layout_basic, nrook_campfire
D:3:      layout_loops_corners
D:4:      layout_basic, temple_doors_ab, portal_sewer_entry_c,
          minmay_misc_feat_rows, uniq_eustachio

Skill      XL: |  1  2  3  4 |
---------------+-------------+-----
Axes           | 2 3 |  3.0
Fighting       | 4 |  4.0
Armour         | 4 |  4.0
Shields        | |  3.8

Action                   |  1- 3 |  4- 6 || total
-------------------------+-------+-------++-------
Melee: War axe           |   136 |    72 ||   208
  Use: Scroll            |       |     4 ||     4
Armor: Scale mail        |    72 |    42 ||   114
Dodge: Dodged            |    75 |    47 ||   122
Block: Buckler           |    34 |    25 ||    59

Table legend: (Time is in decaauts)
 A = Elapsed time spent in this place.
 B = Non-inter-level travel time spent in this place.
 C = Inter-level travel time spent in this place.
 D = Time resting spent in this place.
 E = Time spent auto-exploring this place.
 F = Levels seen in this place.
 G = Mean time per level.
                   A        B        C        D        E       F      G
               +--------+--------+--------+--------+--------+-----+--------+
         Total |   3344 |   3242 |    102 |    188 |   2451 |   4 |  836.0 |
       Dungeon |   3344 |   3242 |    102 |    188 |   2451 |   4 |  836.0 |
               +--------+--------+--------+--------+--------+-----+--------+

Top non-repeatable levels by time:
     D:1: 1414 daAuts
     D:2: 1047 daAuts
     D:3: 878 daAuts
     D:4: 4 daAuts
